 Dungeon Crawl Stone Soup version 0.19-a0-1513-gf6d23ed (webtiles) character file.

5208 George the Basher (level 10, 0/61 HPs)
             Began as a Gargoyle Fighter on Sept 12, 2016.
             Was a Priest of Okawaru.
             Slain by a wolf (6 damage)
             ... led by Grum
             ... on level 8 of the Dungeon.
             The game lasted 00:20:34 (8807 turns).

George the Basher (Gargoyle Fighter)                Turns: 8807, Time: 00:20:34

Health: 0/61       AC: 17    Str: 20    XL:     10   Next: 60%
Magic:  12/12      EV:  6    Int:  9    God:    Okawaru [***...]
Gold:   446        SH: 11    Dex: 15    Spells: 0 memorised, 9 levels left

rFire  . . .     SeeInvis .     a - +0 flail
rCold  + . .     Gourm    .     y - +0 plate armour
rNeg   + . .     Faith    .     c - +0 shield
rPois  ∞         Spirit   .     C - +0 helmet
rElec  +         Dismiss  .     (no cloak)
rCorr  .         Reflect  .     (no gloves)
MR     .....     Harm     .     (no boots)
Stlth  ..........               (no amulet)
                                J - +2 ring of evasion
                                v - +3 ring of dexterity

@: corroded
A: cold resistance 1, low mp 1, negative energy resistance 1, electricity
resistance, unbreathing, petrification resistance, rot immunity, AC +7
a: Heroism, Renounce Religion


You were on level 8 of the Dungeon.
You worshipped Okawaru.
Okawaru was most pleased with you.
You were not hungry.

You visited 2 branches of the dungeon, and saw 10 of its levels.
You also visited: Ossuary.

You collected 485 gold pieces.
You spent 39 gold pieces at shops.

Inventory:

Hand Weapons
 a - a +0 flail (weapon)
Missiles
 u - a throwing net
 z - 3 poisoned javelins (quivered)
Armour
 c - a +0 shield (worn)
 y - a +0 plate armour (worn)
 C - a +0 helmet (worn)
Jewellery
 v - a +3 ring of dexterity (left hand)
 J - a +2 ring of evasion (right hand)
Wands
 n - a wand of flame (22/48)
 w - a wand of teleportation (3/9)
 I - a wand of digging (15/24)
Scrolls
 g - a scroll of fear
 h - 2 scrolls of magic mapping
 i - 5 scrolls of teleportation
 j - 2 scrolls of fog {unknown}
 k - 5 scrolls of remove curse
 s - 3 scrolls of recharging
 E - a scroll of enchant weapon {unknown}
 F - 2 scrolls of enchant armour {unknown}
Potions
 b - 10 potions of curing
 d - 4 potions of might
 e - a potion of invisibility
 o - a potion of resistance
 p - 2 potions of magic
 q - 2 potions of cancellation
 r - 2 potions of agility
 t - 3 potions of flight {unknown}
 x - a potion of cure mutation {unknown}
 A - a potion of brilliance {unknown}
 B - 2 potions of heal wounds
 D - a potion of haste {unknown}
 G - 2 potions of mutation {unknown}
Comestibles
 f - 6 bread rations
 l - 7 meat rations
 m - a slice of pizza
 H - a beef jerky


   Skills:
 + Level 6.7 Fighting
 + Level 11.0 Maces & Flails
 + Level 7.1 Armour
 + Level 6.7 Shields
 + Level 5.8 Invocations


You had 9 spell levels left.
You didn't know any spells.

Dungeon Overview and Level Annotations

Branches:
Dungeon (9/15)             Temple (1/1) D:5
   Lair: D:8-11         Orc: D:9-12

Altars:
Ashenzari
Cheibriados
Dithmenos
Elyvilon
Fedhas
Gozag
Hepliaklqana
Kikubaaqudgha
Makhleb
Nemelex Xobeh
Okawaru
Qazlal
Ru
Sif Muna
Trog
Uskayaw
Vehumet
Xom
Yredelemnul
Zin
The Shining One

Shops:
D:5 }   D:6 !   D:7 [

Annotations:
D:8 exclusion: door
D:9 Grum, Maurice


Innate Abilities, Weirdness & Mutations

You are resistant to torment.
Your stone body is resilient. (AC +7)
You are immune to poison.
You resist negative energy. (rN+)
You are resistant to electric shocks. (rElec)
You can survive without breathing.
You are immune to petrification.
You are immune to rotting.
Your flesh is cold resistant. (rC+)
Your magical capacity is low. (-10% MP)


Message History

You closely miss the wolf. You block the wolf's attack.
The wolf bites you but does no damage. The wolf bites you.
The wolf bites you but does no damage.
You hit the wolf.
The wolf is lightly wounded.
You block the wolf's attack. The wolf closely misses you. The wolf bites you.
The wolf bites you but does no damage. The wolf bites you.
Your shield and plate armour prevent you from hitting the wolf.
The wolf is lightly wounded.
The wolf barely misses you. The wolf bites you but does no damage.
The wolf bites you.
* * * LOW HITPOINT WARNING * * *
You block the wolf's attack. The wolf bites you.
* * * LOW HITPOINT WARNING * * *
You closely miss the wolf.
The wolf is lightly wounded.
You block the wolf's attack. x2; The wolf bites you.
* * * LOW HITPOINT WARNING * * *
The wolf bites you.
You die...

##.........#.≈..#8..### #...##.#
[).........#o≈..+._...####...##.#
†[.........#o≈..#8..#........##.#
...############*#..##.....#####.#
...# #######......##..... ####
#...# #########..... ##..# #.....
#hh###########.....
#.@h...............
##############..... #..... #.....
######


You could see 3 wolves.

Vanquished Creatures
  Pikel (D:4)
  A troll (D:9)
  5 yaks (D:9)
  A wyvern (D:8)
  A hippogriff (D:7)
  A hungry ghost (D:7)
  Menkaure (D:6)
  Duvessa (D:6)
  A water moccasin (D:7)
  An ice beast (D:8)
  3 sky beasts
  A wasp (D:9)
  2 slaves
  2 orc warriors
  A phantom (D:6)
  4 ogres
  3 centaurs
  A wolf (D:8)
  2 elf zombies (Ossuary)
  Blork the orc (D:4)
  A giant frog (D:9)
  Dowan (D:6)
  A scorpion (D:8)
  3 wights (D:8)
  2 crimson imps
  A giant frog zombie (D:7)
  The ghost of amanita the Ruffian, a weakling GrTm (D:3)
  2 centaur zombies
  A centaur skeleton (D:4)
  2 jellies
  3 orc priests
  3 hounds
  3 orc wizards
  An iguana (D:5)
  Terence (D:2)
  6 worker ants
  2 big kobold zombies (Ossuary)
  A hound zombie (D:7)
  2 mummies (Ossuary)
  A worker ant zombie (D:6)
  8 adders
  15 gnolls
  A howler monkey skeleton (D:6)
  2 shadow imps
  3 adder zombies (Ossuary)
  2 oozes
  4 worms
  2 dart slugs (D:2)
  3 giant geckos
  29 orcs
  3 ball pythons
  6 bats
  11 giant cockroaches
  6 goblins
  2 hobgoblins
  6 jackals
  3 quokkas
  A ball python skeleton (D:4)
  6 giant newts
  6 hobgoblin zombies (Ossuary)
  A jackal zombie (Ossuary)
  10 kobolds
  15 kobold zombies (Ossuary)
  6 orc zombies (Ossuary)
  A quokka skeleton (D:6)
  5 rats
229 creatures vanquished.

Notes
Turn   | Place    | Note
-------+----------+-------------------------------------------
     0 | D:1      | George the Gargoyle Fighter began the quest for the Orb.
     0 | D:1      | Reached XP level 1. HP: 14/14 MP: 1/1
    39 | D:1      | Reached XP level 2. HP: 19/19 MP: 2/2
   196 | D:1      | Reached skill level 3 in Maces & Flails
   494 | D:1      | Reached XP level 3. HP: 22/23 MP: 3/3
   719 | D:2      | Reached skill level 4 in Maces & Flails
   743 | D:2      | Reached XP level 4. HP: 15/28 MP: 4/4
   891 | D:2      | Noticed Terence
   901 | D:2      | Killed Terence
  1027 | D:2      | Reached skill level 5 in Maces & Flails
  1027 | D:2      | Reached XP level 5. HP: 25/32 MP: 5/5
  1768 | D:3      | Noticed amanita's ghost (weakling GrTm)
  1780 | D:3      | Killed amanita's ghost
  1780 | D:3      | Reached skill level 6 in Maces & Flails
  1780 | D:3      | Reached XP level 6. HP: 22/37 MP: 6/6
  2373 | D:4      | Noticed Blork the orc
  2392 | D:4      | Killed Blork the orc
  2392 | D:4      | Reached skill level 7 in Maces & Flails
  2884 | D:4      | Reached XP level 7. HP: 41/41 MP: 7/7
  3564 | D:5      | Entered Level 5 of the Dungeon
  3633 | D:5      | Noticed Pikel
  3896 | D:4      | Killed Pikel
  3896 | D:4      | Reached skill level 9 in Maces & Flails
  3896 | D:4      | Reached XP level 8. HP: 38/46 MP: 8/8
  4026 | D:5      | Found a sparkling altar of Nemelex Xobeh.
  4057 | D:5      | Found a staircase to the Ecumenical Temple.
  4071 | Temple   | Entered the Ecumenical Temple
  4277 | Temple   | Became a worshipper of Warmaster Okawaru
  4393 | D:5      | Found Kiqog's Gadget Shoppe.
  4442 | D:5      | Reached skill level 1 in Invocations
  4684 | D:5      | Gained mutation: Your flesh is cold resistant. (rC+) [mutagenic meat]
  4687 | D:5      | Gained mutation: Your magical capacity is low. (-10% MP) [mutagenic meat]
  4920 | D:6      | Found Taxoqut's Distillery.
  4926 | D:6      | Bought a potion of curing for 39 gold pieces
  5113 | D:6      | Noticed Dowan
  5122 | D:6      | Noticed Duvessa
  5142 | D:6      | Killed Duvessa
  5173 | D:6      | Killed Dowan
  5173 | D:6      | Reached * piety under Okawaru
  5315 | D:6      | Noticed Menkaure
  5323 | D:6      | Killed Menkaure
  5323 | D:6      | Reached skill level 10 in Maces & Flails
  5323 | D:6      | Reached XP level 9. HP: 25/52 MP: 9/9
  5795 | D:6      | Reached skill level 5 in Armour
  6084 | D:7      | Reached skill level 5 in Fighting
  6146 | D:7      | Reached skill level 5 in Shields
  6257 | D:7      | Reached ** piety under Okawaru
  6537 | D:7      | Found Bofiah's Armour Shoppe.
  6712 | D:8      | Found a sand-covered staircase.
  6777 | D:8      | Reached XP level 10. HP: 24/60 MP: 12/12
  6790 | Ossuary  | Entered an ossuary
  7415 | D:8      | Reached skill level 5 in Invocations
  7527 | D:8      | Found a deep blue altar of Sif Muna.
  7882 | D:9      | Noticed Maurice
  8123 | D:9      | Reached *** piety under Okawaru
  8724 | D:9      | Noticed Grum
  8770 | D:8      | Reached skill level 11 in Maces & Flails
  8807 | D:8      | Slain by a wolf

Vault maps used:
D:1:      saegor_arrival_simple_a, serial_forest, infiniplex_forest_lined_3_way,
          infiniplex_forest_diagonal, infiniplex_forest_straight_5,
          infiniplex_forest_clump_tiny, infiniplex_forest_clump_tiny,
          infiniplex_forest_lined_ring, infiniplex_forest_diagonal,
          infiniplex_forest_straight_3
D:2:      uniq_terence
D:4:      first_bread, minmay_misc_feat_more_columns, nrook_mini_vaults,
          kennysheep_opposing_triangles, uniq_blork_the_orc
D:5:      serial_shops, nicolae_shop_trees, nemelex_lonely_heart_becter,
          uniq_pikel
D:6:      serial_shops, shop, uniq_duvessa, uniq_menkaure
D:7:      serial_shops, shop
D:8:      nicolae_ossuary_entry_monument, led_sif_book
D:9:      david_orc_4, grunt_ogre_cave, fedhas_altar_4, uniq_grum, uniq_maurice
Temple:   kilobyte_greek_temple
Ossuary:  ossuary_tomb_1

Skill      XL: |  1  2  3  4  5  6  7  8  9 10 |
---------------+-------------------------------+-----
Maces & Flails | 3 4 5 6 7 9 10 11 | 11.0
Invocations    | 2 4 5 |  5.8
Armour         | 4 6 7 |  7.1
Fighting       | 4 5 6 |  6.7
Shields        | 4 5 6 |  6.7

Action                   |  1- 3 |  4- 6 |  7- 9 | 10-12 || total
-------------------------+-------+-------+-------+-------++-------
Melee: Flail             |    87 |   304 |   418 |   370 ||  1179
Invok: Heroism           |       |       |       |     1 ||     1
Evoke: Wand              |       |       |     5 |     5 ||    10
  Use: Scroll            |       |       |    12 |       ||    12
  Eat: Chunk             |       |     7 |    15 |     5 ||    27
       Beef jerky        |       |       |     1 |       ||     1
       Pizza             |       |       |       |     1 ||     1
Armor: Scale mail        |    36 |     2 |       |       ||    38
       Chain mail        |       |   157 |   106 |       ||   263
       Plate armour      |       |       |   111 |   226 ||   337
Dodge: Dodged            |    22 |    73 |    51 |    70 ||   216
Block: Shield            |    54 |   143 |   142 |   205 ||   544
